 Dungeon Crawl Stone Soup version 0.30-a0-950-gbf40cfac39 (webtiles) character file.

Game seed: 10737406794427119011

2 112233 the Chiller (level 1, 0/13 HPs)
             Began as a Demonspawn Ice Elementalist on Mar 28, 2023.
             Slain by a jackal (2 damage)
             ... on level 1 of the Dungeon.
             The game lasted 00:00:44 (35 turns).

112233 the Chiller (Demonspawn Ice Elementalist)      Turns: 35, Time: 00:00:44

Health: 0/13       AC:  2    Str:  8    XL:     1   Next: 33%
Magic:  1/3        EV: 12    Int: 16    God:
Gold:   0          SH:  0    Dex: 13    Spells: 3/4 levels left

rFire   . . .      SeeInvis .    (no weapon)
rCold   . . .      Faith    .    (no shield)
rNeg    . . .      Spirit   .    a - +0 robe
rPois   .          Reflect  .    (no helmet)
rElec   .          Rampage  .    (no cloak)
rCorr   .                        (no gloves)
Will    .....                    (no boots)
Stlth   ++                       (no amulet)
HPRegen 0.22/turn                (no ring)
MPRegen 0.08/turn                (no ring)

@: no status effects
A: no striking features
a: no special abilities


You were on level 1 of the Dungeon.
You visited 1 branch of the dungeon, and saw 1 of its levels.

Inventory:

Armour
 a - a +0 robe (worn)


   Skills:
 + Level 1.8 Dodging
 + Level 1.8 Stealth
 + Level 2.0 Spellcasting
 + Level 3.6 Ice Magic


You had 3 spell levels left.
You knew the following spells:

 Your Spells              Type           Power      Damage    Failure   Level
a - Freeze                Ice            52%        1d6       4%          1

Your spell library contained the following spells:

 Spells                   Type           Power      Damage    Failure   Level
 Frozen Ramparts          Ice            26%        1d4       14%         3
 Ozocubu's Armour         Ice            13%        N/A       14%         3
 Summon Ice Beast         Ice/Summ       7%         N/A       67%         4


Dungeon Overview and Level Annotations

Branches:
Dungeon (1/15)

Altars:


Message History

The jackal barely misses you. The jackal misses you.
The jackal bites you but does no damage.
The jackal barely misses you.
Unknown command.
You closely miss the jackal.
The jackal is heavily wounded.
The jackal closely misses you. The jackal barely misses you.
You hit the jackal.
The jackal is severely wounded.
The jackal barely misses you. x2; The jackal misses you.
The jackal bites you.
Casting: Freeze (safe; 4% risk of failure)
Confirm with . or Enter, or press ? or * to list all spells.
Aiming: Freeze (safe; 4% risk of failure)
Press: ? - help, Shift-Dir - straight line, f/p - jackal
Aim: a jackal (severely wounded)
You freeze the jackal!
You kill the jackal!
The jackal barely misses you.
Unknown command.
You hit the jackal but do no damage. The jackal barely misses you. x2
You hit the jackal but do no damage. The jackal misses you.
The rat closely misses you.
Unknown command.
You closely miss the jackal. The jackal closely misses you.
The jackal bites you but does no damage.
The rat twitches its whiskers.
The rat closely misses you.
You hit the jackal.
The jackal is moderately wounded.
The jackal barely misses you. x2; The rat bites you but does no damage.
Unknown command.
The jackal attacks as you move away! The jackal bites you.
The jackal closely misses you.
The jackal bites you but does no damage. x2
The jackal attacks as you move away! The jackal bites you.
* * * LOW HITPOINT WARNING * * *
The rat attacks as you move away! The rat bites you.
* * * LOW HITPOINT WARNING * * *
Found a dagger.
Found a stone staircase leading down.
The jackal bites you.
You die...

#........... .
##..#.....#....
###..##†######.#
......8.....8..#
......#.....#..#
......#..<..#..#
####..#....r#..##..
#..8...hh8......
#.######@##.... #
#.....# #..
.....)...
.....##### ##.#> #
#


You could see 2 jackals and a rat.

Vanquished Creatures
  A jackal (D:1)
  A quokka (D:1)
2 creatures vanquished.

Notes
Turn   | Place    | Note
-------+----------+-------------------------------------------
     0 | D:1      | 112233 the Demonspawn Ice Elementalist began the quest for
                  | the Orb.
     0 | D:1      | Reached XP level 1. HP: 13/13 MP: 3/3
    35 | D:1      | Slain by a jackal

Illustrated notes

Levels and vault maps discovered:
D:1:      scummos_arrival_simple_crosswalls, layout_loops_cross, serial_shops,
          nicolae_square_shop

Action                     || total
---------------------------++-------
  Melee: Unarmed           ||    11
   Cast: Freeze            ||     6
    Use: Potion            ||     1
 Armour: Robe              ||     6
  Dodge: Dodged            ||    31

Table legend: (Time is in decaauts)
 A = Elapsed time spent in this place.
 B = Non-inter-level travel time spent in this place.
 C = Inter-level travel time spent in this place.
 D = Time resting spent in this place.
 E = Time spent auto-exploring this place.
 F = Levels seen in this place.
 G = Mean time per level.
                   A        B        C        D        E       F      G
               +--------+--------+--------+--------+--------+-----+--------+
         Total |     35 |     35 |      0 |      0 |      1 |   1 |   35.0 |
       Dungeon |     35 |     35 |      0 |      0 |      1 |   1 |   35.0 |
               +--------+--------+--------+--------+--------+-----+--------+

Top non-repeatable levels by time:
     D:1: 35 daAuts
